Map: Inside and Out

Players

FoxeR - Winner!

  • Race: Terran Terran
  • League: Grandmaster
  • Spawn Location: 7:00

SpaceCoom

  • Race: Protoss Protoss
  • League: Master
  • Spawn Location: 1:00

VOD

Have the link to the VOD?

Description

Time

  • Played on: Oct. 9, 2022, 10:31 p.m.
  • Length: 5:42
Show
View Real Time Build Order
Export as new Build Order

FoxeR Terran - Winner!

Build Orders:  

Get SALT Encoding   

  12  0:00  SCV  
  13  0:12  SCV  
  14  0:16  Supply Depot  
  14  0:24  SCV  
  15  0:38  SCV  
  15  0:39  Barracks  
  16  0:43  Refinery  
  16  0:50  SCV  
  16  0:52  Refinery  
  17  1:02  SCV  
  18  1:14  SCV  
  19  1:27  Orbital Command, Reaper  
  19  1:28  Supply Depot  
  20  1:41  Factory  
  20  1:54  SCV  
  21  2:00  Barracks Reactor  
  21  2:06  SCV  
  22  2:16  Command Center  
  22  2:19  SCV  
  23  2:25  Hellion  
  25  2:31  SCV  
  25  2:32  Supply Depot  
  26  2:37  Reaper x2  
  28  2:45  SCV  
  28  2:46  Widow Mine  
  31  2:55  Barracks  
  31  2:57  SCV  
  32  3:04  Barracks  
  32  3:09  Factory Tech Lab  
  32  3:12  Marine x2  
  34  3:14  SCV  
  35  3:26  SCV  
  34  3:28  Siege Tank  
  34  3:33  Orbital Command  
  37  3:38  Marine x2  
  39  3:44  SCV  
  39  3:45  Barracks Tech Lab  
  40  3:54  Barracks Tech Lab  
  38  3:57  Marine  
  38  3:58  Marine  
  38  4:00  Siege Tank  
  43  4:05  SCV  
  43  4:06  SCV  
  43  4:09  Marine  
  45  4:15  Marine  
  46  4:17  SCV  
  46  4:18  SCV  
  46  4:21  Marine  
  46  4:23  Marine, Combat Shield  
  50  4:27  Marine  
  52  4:32  Supply Depot  
  52  4:37  Marine  
  54  4:39  Marine  
  54  4:43  SCV  
  54  4:53  Marine  
  54  4:54  Siege Tank, SCV  
  54  4:58  SCV  
  58  5:00  Marine  
  58  5:01  Marine  
  58  5:06  SCV  
  61  5:07  Marine  
  61  5:11  Bunker  
  62  5:17  SCV  
  62  5:24  Starport  
  62  5:26  SCV  
  62  5:28  Supply Depot  
  67  5:29  SCV  
Show
View Real Time Build Order
Export as new Build Order

SpaceCoom Protoss 

Build Orders: 1 Gate Expand, Phoenix Opening 

Get SALT Encoding   

  12  0:00  Probe  
  13  0:12  Probe  
  14  0:17  Pylon  
  14  0:24  Probe (Chrono Boost)  
  15  0:36  Probe (Chrono Boost)  
  15  0:37  Gateway  
  16  0:44  Probe (Chrono Boost)  
  16  0:46  Assimilator  
  17  0:51  Probe  
  18  1:03  Probe  
  19  1:15  Probe  
  20  1:24  Cybernetics Core  
  20  1:33  Nexus  
  20  1:37  Pylon  
  20  1:41  Probe  
  20  1:46  Assimilator  
  21  1:53  Probe  
  22  1:58  Adept (Chrono Boost)  
  24  2:05  Probe (Chrono Boost)  
  26  2:15  Probe (Chrono Boost), Stargate  
  26  2:20  Probe (Chrono Boost)  
  26  2:21  Adept  
  29  2:30  Warp Gate  
  29  2:31  Probe  
  31  2:45  Probe (Chrono Boost)  
  31  2:48  Probe (Chrono Boost)  
  31  2:51  Adept  
  34  2:54  Probe (Chrono Boost)  
  34  2:58  Probe (Chrono Boost)  
  36  2:59  Phoenix  
  36  3:00  Probe (Chrono Boost)  
  36  3:02  Pylon  
  39  3:08  Probe  
  39  3:12  Probe  
  41  3:13  Gateway  
  41  3:20  Probe  
  41  3:26  Phoenix (Chrono Boost)  
  42  3:29  Probe  
  42  3:32  Probe  
  42  3:34  Pylon  
  42  3:37  Twilight Council  
  42  3:40  Pylon  
  42  3:41  Probe  
  43  3:49  Probe  
  43  3:53  Probe  
  45  3:58  Phoenix  
  45  4:01  Probe  
  48  4:05  Probe  
  48  4:06  Charge (Chrono Boost)  
  49  4:11  Nexus  
  49  4:13  Probe  
  50  4:18  Probe  
  50  4:21  Zealot x2  
  55  4:26  Phoenix  
  55  4:29  Probe  
  55  4:31  Pylon  
  58  4:33  Probe  
  59  4:41  Zealot, Probe  
  59  4:43  Zealot  
  64  4:46  Probe  
  64  4:50  Phoenix  
  67  4:53  Probe  
  67  4:58  Probe  
  59  5:06  Zealot x2  
  61  5:08  Probe  
  61  5:10  Probe  
  58  5:26  Zealot x2  
Tags
 
Add a new tag
Caveats
  • Supply blocks, unpowered buildings, or Contaminate may cause inaccurate times.
  • Supply counts are checked every 10 seconds.